 Dungeon Sprint DCSS version 0.30-a0-462-gd5975efbca (webtiles) character file.

Game seed: 13903469693463059150

2669 Darkkill the Basher (level 9, 0/90 HPs)
             Began as a Minotaur Wanderer on Dec 16, 2022.
             Slain by a polar bear (2 damage)
             ... in the Dungeon (Sprint II: "The Violet Keep of Menkaure").
             The game lasted 00:05:29 (1187 turns).

Darkkill the Basher (Minotaur Wanderer)             Turns: 1187, Time: 00:05:30

Health: 0/90       AC: 17    Str: 24    XL:     9   Next: 37%
Magic:  0/8        EV:  8    Int:  6    God:
Gold:   17         SH:  0    Dex: 10    Spells: 8/8 levels left

rFire   . . .      SeeInvis .    a - +3 mace
rCold   + . .      Faith    .    (no shield)
rNeg    . . .      Spirit   .    j - +4 chain mail {rC+}
rPois   .          Reflect  .    (helmet restricted)
rElec   .          Harm     .    (no cloak)
rCorr   .          Rampage  .    k - +0 pair of gloves {infuse}
Will    .....      NoTele   +    (no boots)
Stlth   +.........               (no amulet)
HPRegen 0.35/turn                (no ring)
MPRegen 0.11/turn                (no ring)

@: slowed, very slow
A: horns 2, retaliatory headbutt, deterioration 2, screaming 1
a: no special abilities


You were in the Dungeon.
You visited 1 branch You collected 972 gold pieces.
You spent 955 gold pieces at shops.

Inventory:

Hand Weapons
 a - a +3 mace (weapon)
Missiles
 b - 3 stones (quivered)
Armour
 d - a +0 leather armour
 j - a +4 chain mail of cold resistance (worn)
 k - a +0 pair of gloves of infusion (worn)
Scrolls
 c - a scroll of fog
Potions
 g - a potion of haste
 h - 2 potions of magic


   Skills:
 + Level 11.9 Fighting
 + Level 13.1(14.9) Maces & Flails
 + Level 11.7(14.2) Staves
 + Level 11.7 Armour
 + Level 9.1 Stealth


You had 8 spell levels left.
You didn't know any spells.
Your spell library was empty.

Dungeon Overview and Level Annotations

Branches:
Dungeon (1/1)

Altars:
Cheibriados
Dithmenos
Elyvilon
Fedhas
Gozag
Hepliaklqana
Kikubaaqudgha
Makhleb
Nemelex Xobeh
Okawaru
Qazlal
Ru
Sif Muna
Trog
Uskayaw
Vehumet
Wu Jian
Xom
Yredelemnul
Zin
The Shining One
Jiyva
Lugonu

Shops:
D :[:==:*(?(![(*!

Annotations:
D exclusions: oklob plant and orange crystal statue, Roxanne


Innate Abilities, Weirdness & Mutations

You have a pair of horns on your head.
You reflexively headbutt those who attack you in melee.
Your body often deteriorates upon taking damage.
You occasionally shout uncontrollably at your foes.


Message History

The polar bear completely misses you.
The polar bear bites you but does no damage.
The polar bear claws you but does no damage. x2
You completely miss the polar bear. You headbutt the polar bear.
The polar bear is severely wounded.
You barely miss the polar bear.
The polar bear is severely wounded.
The polar bear barely misses you.
The polar bear claws you but does no damage.
The polar bear claws you. The polar bear closely misses you.
You furiously retaliate!
You headbutt the polar bear. The polar bear claws you.
The polar bear barely misses you.
The polar bear attacks as you move away!
The polar bear closely misses you. x2
The polar bear claws you but does no damage.
Found a viscous brown potion and a scroll labelled FOPEAG ALURCH.
The polar bear bites you!
The polar bear claws you but does no damage. x2
The polar bear attacks as you move away!
The polar bear bites you but does no damage.
The polar bear claws you but does no damage.
The polar bear barely misses you.
Found a scroll labelled FAMOOZIRATS and a robe.
The polar bear bites you.
The polar bear claws you but does no damage. x2
You thump the polar bear!
The polar bear is moderately wounded.
The polar bear barely misses you.
The polar bear claws you but does no damage.
The polar bear claws you. The polar bear bites you!
The polar bear claws you but does no damage. x2
You hit the polar bear but do no damage.
The polar bear is severely wounded.
You hit the polar bear but do no damage.
Your headbutt misses the polar bear.
The polar bear is moderately wounded.
The polar bear bites you.
The polar bear claws you but does no damage. x2
The polar bear barely misses you.
The polar bear claws you but does no damage. x2
The polar bear closely misses you. You furiously retaliate!
You headbutt the polar bear, but do no damage.
The polar bear barely misses you.
The polar bear claws you but does no damage.
You sock the polar bear!
You kill the polar bear!
The polar bear barely misses you.
The polar bear claws you but does no damage. x2
The polar bear bites you but does no damage.
The polar bear claws you but does no damage. x2
The yaktaur hits you but does no damage.
Your base Maces & Flails skill increases to level 13!
Your Stealth skill increases to level 9!
You sock the polar bear!
The polar bear is heavily wounded.
The hornet barely misses you.
Unknown command.
You hit the polar bear but do no damage.
You headbutt the polar bear.
The polar bear is heavily wounded.
The polar bear barely misses you.
The polar bear claws you but does no damage. x2
The polar bear bites you!
* * * LOW HITPOINT WARNING * * *
The polar bear claws you but does no damage.
The polar bear claws you.
* * * LOW HITPOINT WARNING * * *
The yaktaur hits you!
* * * LOW HITPOINT WARNING * * *
The hornet closely misses you. You furiously retaliate!
You headbutt the hornet. You thump the polar bear!
Your headbutt misses the polar bear.
The polar bear is almost dead.
The polar bear bites you but does no damage.
The polar bear claws you.
* * * LOW HITPOINT WARNING * * *
The polar bear claws you but does no damage.
The yaktaur hits you but does no damage.
The polar bear bites you but does no damage.
The polar bear claws you but does no damage. x2
The hornet stings you.
* * * LOW HITPOINT WARNING * * *
You feel yourself slow down.
Unknown command.
You hit the polar bear.
The polar bear is almost dead.
The hornet stings you but does no damage.
The polar bear completely misses you.
The polar bear claws you but does no damage.
The polar bear claws you.
* * * LOW HITPOINT WARNING * * *
The polar bear goes berserk!
The yaktaur closely misses you. You furiously retaliate!
You headbutt the yaktaur! You completely miss the hornet.
You headbutt the hornet.
The hornet is moderately wounded.
The hornet barely misses you. You furiously retaliate!
You headbutt the hornet! The polar bear bites you!
* * * LOW HITPOINT WARNING * * *
The polar bear claws you.
You die...

'###.##..# +..# .# ?$
.##...#..# #..# .#▓!![[
<.'.##'..####..##.#▓!!$?
.##...#..§.###^..##▓▓▓▓▓
'###.##......~~~~~~~~~~~
#.####~~§§...~#'########
#..#~§~~§~~.§~#....._..#
#.##~~~~~~~~§~#hyc._._.#
'##~~~≈§≈§~~~~#h@._._._#
~~~~§§~≈≈§≈~~~#.._._._.#
#+++#~≈§§≈≈≈≈~#._._._._#
§≈§ ##§§≈###§§#_._._._.#
§≈≈≈≈##≈≈# #≈≈#._._._._#
8≈≈≈≈≈+≈≈# #§≈#_._._...#
§§§≈≈##≈≈§≈≈§≈##########
§≈§§## #######~~~~~~~~~
+#### ..


You could see 2 polar bears, a yaktaur and a hornet.

Vanquished Creatures
  A yaktaur captain (D)
  A boulder beetle (D)
  A merfolk siren (D)
  A polar bear (D)
  4 neqoxecs (D)
  A vampire mosquito (D)
  Menkaure (D)
  A water moccasin (D)
  4 necrophages (D)
15 creatures vanquished.

Notes
Turn   | Place    | Note
-------+----------+-------------------------------------------
     0 | D        | Darkkill the Minotaur Wanderer began the quest for the Orb.
     0 | D        | Darkkill set off with the following items: a +3 mace, a +0
                  | quarterstaff, a scroll of fog, a +0 leather armour, a
                  | potion of curing {@q1}, a potion of heal wounds, a potion
                  | of haste, 2 potions of magic, a potion of berserk rage, a
                  | scroll of blinking.
     0 | D        | Reached XP level 1. HP: 18/18 MP: 0/0
     1 | D        | Noticed a boulder beetle
     1 | D        | Noticed a boulder beetle
     5 | D        | Noticed a necrophage
     5 | D        | Noticed a necrophage
     5 | D        | Noticed a necrophage
     5 | D        | Noticed a necrophage
    12 | D        | Killed a necrophage
    13 | D        | Reached skill level 7 in Maces & Flails
    13 | D        | Reached XP level 2. HP: 24/28 MP: 1/1
    13 | D        | Reached XP level 3. HP: 30/34 MP: 2/2
    13 | D        | Killed a necrophage
    14 | D        | Reached skill level 5 in Fighting
    14 | D        | Reached skill level 8 in Maces & Flails
    14 | D        | Reached skill level 5 in Staves
    14 | D        | Reached skill level 5 in Armour
    14 | D        | Reached XP level 4. HP: 32/42 MP: 3/3
    15 | D        | Killed a necrophage
    16 | D        | Reached XP level 5. HP: 32/51 MP: 4/4
   224 | D        | Noticed a merfolk siren
   235 | D        | Killed a merfolk siren
   236 | D        | Reached skill level 10 in Maces & Flails
   236 | D        | Reached XP level 6. HP: 43/62 MP: 5/5
   236 | D        | Reached XP level 7. HP: 48/69 MP: 6/6
   307 | D        | Noticed a neqoxec
   307 | D        | Noticed a neqoxec
   314 | D        | Killed a neqoxec
   325 | D        | Killed a neqoxec
   328 | D        | Noticed a neqoxec
   328 | D        | Noticed Menkaure
   339 | D        | Killed a neqoxec
   340 | D        | Reached skill level 11 in Maces & Flails
   340 | D        | Noticed a neqoxec
   341 | D        | Identified Roxanne's Compilation of Metamorphosis
   341 | D        | Noticed Roxanne
   341 | D        | Gained mutation: You occasionally shout uncontrollably at
                  | your foes. [a neqoxec]
   346 | D        | Gained mutation: Your body sometimes deteriorates upon
                  | taking damage. [a neqoxec]
   348 | D        | Gained mutation: Your body often deteriorates upon taking
                  | damage. [a neqoxec]
   349 | D        | HP: 8/71 [neqoxec (9)]
   349 | D        | HP: 2/71 [water moccasin (6)]
   353 | D        | Killed a neqoxec
   354 | D        | Reached XP level 8. HP: 10/79 MP: 7/7
   355 | D        | HP: 4/79 [water moccasin (7)]
   592 | D        | Found Uggy's Distillery.
   592 | D        | Found Ysacuud's Assorted Antiques.
   592 | D        | Found Weos Hyquli's Distillery.
   592 | D        | Found Wailinel's Antique Armour Shop.
   592 | D        | Found Ykaif's Magic Scroll Boutique.
   592 | D        | Found Wiodeeh's Antique Weapon Boutique.
   592 | D        | Found Ytrai's Weapon Shop.
   593 | D        | Found Sothei's Assorted Antiques.
   594 | D        | Found Okupp's Book Shop.
   595 | D        | Found Xaafet's Antique Weapon Boutique.
   596 | D        | Found Feufrosou's Jewellery Shop.
   596 | D        | Found Ypurivaf's Jewellery Boutique.
   596 | D        | Noticed an oklob plant
   597 | D        | Found Rossunwa's Antique Armour Shop.
   597 | D        | Found Ciawif's Book Boutique.
   597 | D        | Found Fuemegh's Book Shoppe.
   598 | D        | Noticed a fire dragon
   613 | D        | Bought a potion of curing for 36 gold pieces
   613 | D        | Bought a potion of heal wounds for 60 gold pieces
   619 | D        | Bought 2 potions of curing for 78 gold pieces
   619 | D        | Bought a potion of berserk rage for 65 gold pieces
   637 | D        | Bought a glowing chain mail for 202 gold pieces
   637 | D        | Bought a pair of runed gloves for 202 gold pieces
   671 | D        | HP: 10/79 [boulder beetle (18)]
   672 | D        | Killed a boulder beetle
   673 | D        | Reached skill level 10 in Fighting
   673 | D        | Reached skill level 12 in Maces & Flails
   673 | D        | Reached skill level 10 in Staves
   673 | D        | Reached skill level 10 in Armour
   795 | D        | Killed Menkaure
   881 | D        | Noticed a yaktaur captain
   904 | D        | Killed a yaktaur captain
   905 | D        | Reached XP level 9. HP: 37/89 MP: 0/8
  1081 | D        | Bought a knobbly jewelled staff for 312 gold pieces
  1145 | D        | Noticed an orange crystal statue
  1159 | D        | Found an opulent altar of Gozag.
  1160 | D        | Found a blossoming altar of Fedhas.
  1161 | D        | Found a white marble altar of Elyvilon.
  1161 | D        | Found a burning altar of Makhleb.
  1162 | D        | Found a shadowy altar of Dithmenos.
  1162 | D        | Found a corrupted altar of Lugonu.
  1163 | D        | Found a snail-covered altar of Cheibriados.
  1163 | D        | Found an ancient bone altar of Kikubaaqudgha.
  1163 | D        | Found a bloodstained altar of Trog.
  1164 | D        | Found a viscous altar of Jiyva.
  1164 | D        | Found a shimmering blue altar of Sif Muna.
  1165 | D        | Found a hazy altar of Hepliaklqana.
  1165 | D        | Found a sacrificial altar of Ru.
  1165 | D        | Found a shimmering altar of Xom.
  1166 | D        | Found a stormy altar of Qazlal.
  1166 | D        | Found an ornate altar of the Wu Jian Council.
  1166 | D        | Noticed a polar bear
  1166 | D        | Noticed a polar bear
  1167 | D        | Found a sparkling altar of Nemelex Xobeh.
  1167 | D        | Found a hide-covered altar of Uskayaw.
  1167 | D        | Found a basalt altar of Yredelemnul.
  1167 | D        | Found a glowing golden altar of the Shining One.
  1167 | D        | Noticed a yaktaur
  1167 | D        | Noticed a polar bear
  1168 | D        | Found an iron altar of Okawaru.
  1168 | D        | Found a radiant altar of Vehumet.
  1168 | D        | Found a glowing silver altar of Zin.
  1182 | D        | Killed a polar bear
  1183 | D        | Reached skill level 13 in Maces & Flails
  1184 | D        | HP: 14/90 [yaktaur (7)]
  1187 | D        | HP: 2/90 [polar bear (8)]
  1187 | D        | Slain by a polar bear

Illustrated notes

Levels and vault maps discovered:
D:        the_violet_keep_of_menkaure [sprint2_stairs_cluster_1,
          sprint2_shoproom, sprint2_temple, sprint2_basic_supplies,
          sprint2_obstacle_4, sprint2_obstacle_3, sprint2_obstacle_6,
          sprint2_obstacle_7, sprint2_obstacle_2, sprint2_timed_cluster_1,
          sprint2_smallroom_cluster_1, sprint2_smallroom_final_cluster_1,
          sprint2_transparent_cluster_1, sprint2_second_timed_cluster_1,
          sprint2_sniper_area_1, sprint2_heavy_combat_area_1,
          sprint2_mutation_trap_area_1, sprint2_forest_area_1,
          sprint2_light_combat_area_1, sprint2_behind_water_1,
          sprint2_near_end_vault_1]

Skill      XL: |  1  2  3  4  5  6  7  8  9 |
---------------+----------------------------+-----
Fighting       | 4 5 6 8 9 11 | 11.9
Maces & Flails | 7 8 10 11 12 13 | 13.1
Staves         | 4 5 6 8 9 11 | 11.7
Armour         | 4 5 6 8 9 11 | 11.7
Stealth        | 3 4 6 7 8 9 |  9.1

Action                   |  1- 3 |  4- 6 |  7- 9 || total
-------------------------+-------+-------+-------++-------
Melee: Mace              |     5 |    12 |    88 ||   105
       Headbutt          |     3 |       |    16 ||    19
  Use: Potion            |     1 |       |     7 ||     8
       Scroll            |       |       |     1 ||     1
Armor: Leather armour    |     1 |       |     3 ||     4
       Chain mail        |       |       |    63 ||    63
Dodge: Dodged            |       |     1 |    52 ||    53

Table legend: (Time is in decaauts)
 A = Elapsed time spent in this place.
 B = Non-inter-level travel time spent in this place.
 C = Inter-level travel time spent in this place.
 D = Time resting spent in this place.
 E = Time spent auto-exploring this place.
 F = Levels seen in this place.
 G = Mean time per level.
                   A        B        C        D        E       F      G
               +--------+--------+--------+--------+--------+-----+--------+
         Total |   1199 |   1176 |     23 |    848 |      0 |   1 | 1199.0 |
       Dungeon |   1199 |   1176 |     23 |    848 |      0 |   1 | 1199.0 |
               +--------+--------+--------+--------+--------+-----+--------+

Top non-repeatable levels by time:
       D: 1199 daAuts

Table legend:
 A = Kills in this place as a percentage of kills in entire the game.
 B = Kills by you in this place as a percentage of kills by you in the entire game.
 C = Kills by friends in this place as a percentage of kills by friends in the entire game.
 D = Other kills in this place as a percentage of other kills in the entire game.
 E = Experience gained in this place as a percentage of experience gained in the entire game.
 F = Experience gained in this place divided by the number of levels of this place that you have seen.
                   A       B       C       D       E      F
               +-------+-------+-------+-------+-------+----------------------
         Total | 100.0 | 100.0 |   N/A |   N/A | 100.0 | 3813.0
       Dungeon | 100.0 | 100.0 |   N/A |   N/A | 100.0 | 3813.0
               +-------+-------+-------+-------+-------+----------------------
